 Dungeon Crawl Stone Soup version 0.17-b1-15-g0f5fb43 (webtiles) character file.

169 Quarterback16 the Covered (level 5, 0/46 HPs)
             Began as a Hill Orc Fighter on Nov 7, 2015.
             Was an Initiate of Beogh.
             Succumbed to a scorpion's poison
             ... on level 3 of the Dungeon.
             The game lasted 00:40:10 (4429 turns).

Quarterback16 the Covered (Hill Orc Fighter)        Turns: 4429, Time: 00:40:10

Health: 0/46       AC:  7    Str: 20    XL:     5   Next: 50%
Magic:  5/5        EV:  8    Int:  8    God:    Beogh [......]
Gold:   63         SH:  9    Dex: 10    Spells: 0 memorised, 4 levels left

rFire  . . .     SeeInvis .     m - -2 mace (curse)
rCold  . . .     Clarity  .     b - +0 scale mail
rNeg   . . .     SustAt   .     c - +0 shield
rPois  .         Gourm    .     (no helmet)
rElec  .         Spirit   .     (no cloak)
rCorr  .         Warding  .     (no gloves)
rMut   .         Stasis   .     (no boots)
MR     .....                    (no amulet)
Stlth  ..........               (no ring)
                                (no ring)

@: lethally poisoned (0 -> -7), not resistant to hostile enchantments, extremely
unstealthy
A: no striking features
a: Renounce Religion


You were on level 3 of the Dungeon.
You worshipped Beogh.
Beogh was noncommittal.
You were not hungry.

You visited 1 branch of the dungeon, and saw 3 of its levels.

You collected 63 gold pieces.

Inventory:

Hand Weapons
 a - a +0 war axe
 m - a cursed -2 mace (weapon)
Missiles
 i - 5 arrows (quivered)
 q - 19 arrows of dispersal
 t - 24 bolts
Armour
 b - a +0 scale mail (worn)
 c - a +0 shield (worn)
 h - a +0 large shield
 j - a +0 ring mail
Wands
 p - a wand of magic darts (22)
Scrolls
 k - a scroll of recharging
 l - a scroll of fear
 r - a scroll of remove curse {unknown}
Potions
 d - a potion of might
 s - a potion of haste {unknown}
Comestibles
 e - a bread ration
 n - a meat ration
 o - 4 fruits


   Skills:
 + Level 4.2 Fighting
 + Level 3.4(3.5) Axes
 + Level 0.9(2.0) Maces & Flails
 + Level 0.1 Throwing
 + Level 4.4 Armour
 + Level 1.4 Dodging
 + Level 0.1 Stealth
 + Level 4.2 Shields


You had 4 spell levels left.
You didn't know any spells.

Dungeon Overview and Level Annotations

Branches:
Dungeon (3/15)

Altars:
Vehumet


Message History

You barely miss the orc priest.
The orc priest is almost dead.
The orc priest hits the orc priest with a mace.
The orc priest dies!
The orc priest looks more experienced.
You block the goblin's attack.
You hit the goblin.
You kill the goblin!
Beogh accepts your kill.
You closely miss the scorpion. The scorpion stings you.
* * * LOW HITPOINT WARNING * * *
The scorpion stings you.
* * * LOW HITPOINT WARNING * * *
You hit the scorpion but do no damage. The scorpion stings you.
* * * LOW HITPOINT WARNING * * *
You are lethally poisoned!
The scorpion poisons you!
You thump the scorpion!
The scorpion is moderately wounded.
You die...

#o# .o. # ..... #.
......# .##### .......#
....
#.......##.###..####
#.....o.# ........
.##......
###..#############
...(....#
#@s.......o.......
....o...#
#)#.##############
.....(..# #o#........
........# #.#.....##.
......(.######.#.#....o.
#......o..............
#####รท######.#[#......
#.# #.#.# ...o. #.#
#.#.# .....


You could see a scorpion and a neutral orc priest (wandering).

Vanquished Creatures
  Terence (D:2)
  4 adders
  A worm (D:2)
  3 giant geckos
  6 orcs
  2 giant cockroaches
  6 goblins
  6 hobgoblins
  3 quokkas
  2 ball pythons (D:1)
  11 bats
  7 giant newts (D:1)
  2 jackals (D:1)
  4 kobolds
  7 rats
65 creatures vanquished.

Vanquished Creatures (others)
  3 orc priests (D:3)
  4 orcs (D:3)
7 creatures vanquished.

Grand Total: 72 creatures vanquished

Notes
Turn   | Place    | Note
--------------------------------------------------------------
     0 | D:1      | Quarterback16 the Hill Orc Fighter began the quest for the Orb.
     0 | D:1      | Reached XP level 1. HP: 19/19 MP: 1/1
   199 | D:1      | Reached XP level 2. HP: 17/27 MP: 2/2
   474 | D:2      | Reached skill level 4 in Fighting
   637 | D:2      | Reached XP level 3. HP: 29/33 MP: 3/3
  1721 | D:2      | Noticed Terence
  1731 | D:2      | Killed Terence
  1731 | D:2      | Reached XP level 4. HP: 27/40 MP: 4/4
  2535 | D:3      | Found a radiant altar of Vehumet.
  2870 | D:2      | Reached skill level 1 in Dodging
  3705 | D:3      | Became a worshipper of Beogh the Brigand
  3917 | D:3      | Reached XP level 5. HP: 3/46 MP: 5/5
  4424 | D:3      | Beogh protects you from harm!
  4427 | D:3      | HP: 2/46 [scorpion (1)]
  4429 | D:3      | Succumbed to a scorpion's poison

Action                   |  1- 3 |  4- 6 || total
-------------------------+-------+-------++-------
Melee: War axe           |    87 |       ||    87
       Mace              |    30 |   166 ||   196
Invok: Convert to Beogh  |       |     1 ||     1
  Use: Scroll            |     5 |     4 ||     9
       Potion            |       |     3 ||     3
  Eat: Chunk             |     3 |       ||     3
       Meat ration       |       |     1 ||     1
       Bread ration      |       |     1 ||     1
